 Dungeon Crawl Stone Soup version 0.18.1-48-g4cf74bf (webtiles) character file.

721 Joat the Caller (level 7, 36/46 HPs)
             Began as a Mummy Summoner on Aug 23, 2016.
             Was an Initiate of Ashenzari.
             Quit the game on level 6 of the Dungeon on Aug 24, 2016.
             The game lasted 00:50:23 (9393 turns).

Joat the Caller (Mummy Summoner)                    Turns: 9393, Time: 00:50:24

Health: 36/46      AC:  2    Str:  9    XL:     7   Next: 42%
Magic:  1/14       EV: 12    Int: 16    God:    Ashenzari [......]
Gold:   336        SH:  0    Dex: 13    Spells: 5 memorised, 2 levels left

rFire  x . .     SeeInvis .     j - +1 spear
rCold  + . .     Gourm    .     a - +0 robe
rNeg   + + +     Faith    .     (no shield)
rPois  ∞         Spirit   .     (no helmet)
rElec  .         Dismiss  .     (no cloak)
rCorr  .         Reflect  .     (no gloves)
SustAt .         Harm     .     (no boots)
MR     .....                    (no amulet)
Stlth  +.........               i - ring of loudness (curse)
                                d - -2 ring of strength (curse)

@: not resistant to hostile enchantments, very unstealthy
A: no food or potions, fire vulnerability, cold resistance 1, negative energy
resistance 3, torment resistance, unbreathing
a: Curse Item, Renounce Religion


You were on level 6 of the Dungeon.
You worshipped Ashenzari.
Ashenzari was noncommittal.
You were not hungry.

You visited 1 branch of the dungeon, and saw 6 of its levels.

You collected 336 gold pieces.

Inventory:

Hand Weapons
 j - a +1 spear (weapon)
 n - the +2 short sword of Giegyusch {pierce, +Inv Int-5 Stlth+}
   (You found it on level 4 of the Dungeon)

   It inflicts extra damage upon your enemies.
   It affects your intelligence (-5).
   It lets you turn invisible.
   It makes you more stealthy.
Armour
 a - a +0 robe (worn)
Jewellery
 d - a cursed -2 ring of strength (left hand)
 i - a cursed ring of loudness (right hand)
 q - an uncursed ring of stealth
Wands
 m - a wand of slowing (4/48)
 o - a wand of teleportation (3/9)
 s - a wand of random effects (12/48)
 t - a wand of disintegration (12/24)
Scrolls
 c - 4 scrolls of teleportation {unknown}
 e - 4 scrolls of remove curse
 f - 2 scrolls of identify {unknown}
 g - a scroll of magic mapping {unknown}
 h - 2 scrolls of enchant weapon
 k - a scroll of immolation {unknown}
 l - a scroll of fear {unknown}
 p - a scroll of fog {unknown}
 r - a scroll of enchant armour {unknown}
Books
 b - a book of Callings

   Spells                             Type                      Level
   a - Summon Small Mammal            Summoning                    1
   b - Call Imp                       Summoning                    2
   c - Call Canine Familiar           Summoning                    3
   d - Summon Guardian Golem          Hexes/Summoning              3
   e - Summon Lightning Spire         Summoning/Air                4
   f - Summon Ice Beast               Ice/Summoning                4


   Skills:
 - Level 1.5 Dodging
 - Level 1.5 Stealth
 + Level 4.8 Spellcasting
 + Level 5.9 Summonings
 + Level 2.0 Ice Magic


You had 2 spell levels left.
You knew the following spells:

 Your Spells              Type           Power        Failure   Level  Hunger
a - Summon Small Mammal   Summ           ###.         1%          1    N/A
b - Call Imp              Summ           ###.....     1%          2    N/A
c - Call Canine Familiar  Summ           ###.....     4%          3    N/A
d - Summon Guardian Gole  Hex/Summ       ##......     14%         3    N/A
e - Summon Ice Beast      Ice/Summ       ###.....     34%         4    N/A

Dungeon Overview and Level Annotations

Branches:
Dungeon (6/15)             Temple (0/1) D:6

Altars:
Ashenzari
Dithmenos
Kikubaaqudgha
Nemelex Xobeh
Pakellas
Sif Muna
Trog

Shops:
D:4 :

Annotations:
D:6 Pikel


Innate Abilities, Weirdness & Mutations

You do not eat or drink.
Your flesh is vulnerable to fire.
You are immune to poison.
Your flesh is cold resistant.
You are immune to negative energy.
You are immune to unholy pain and torment.
You can survive without breathing.


Message History

Your crimson imp blinks!
Attack whom?
Press: ? - help, Dir - move target cursor, f/p - Pikel
Aim: Pikel, wielding a whip of electrocution and wearing a robe (heavily wounded)
You reach to attack!
You hit Pikel but do no damage.
Pikel is heavily wounded.
Your crimson imp blinks!
You swap places.
Pikel completely misses your crimson imp.
Your crimson imp blinks!
Attack whom?
Press: ? - help, Dir - move target cursor, f/p - Pikel
Aim: Pikel, wielding a whip of electrocution and wearing a robe (heavily wounded)
You could not reach far enough!
Pikel hits your crimson imp with a whip of electrocution.
Your crimson imp hits Pikel.
Pikel hits your crimson imp with a whip of electrocution.
There is a sudden explosion of sparks!
Your crimson imp dies!
Are you sure you want to abandon this character and quit the game? (Confirm with "yes".)

....... ≈≈≈..pp
≈§≈≈...
≈≈≈≈§pp##########.#
≈>≈§≈.85...........
≈≈≈≈§.#####<#####.
≈§≈≈. #K# §§≈. #.#
... #@# ). #5# .
#.# #.# #+#


You could see Pikel and a friendly crimson imp.

Vanquished Creatures
  A scorpion (D:4)
  An orc wizard (D:3)
  A worker ant (D:4)
  An adder (D:2)
  A worm (D:2)
  2 giant cockroaches
  2 goblins
  A hobgoblin (D:2)
  A jackal (D:1)
  A kobold (D:1)
  2 quokkas
  3 bats
  A giant newt (D:5)
  2 rats (D:1)
20 creatures vanquished.

Vanquished Creatures (collateral kills)
  Eustachio (D:5)
  Duvessa (D:4)
  The ghost of Heedrag the Conjurer, an amateur DECj of Vehumet (D:5)
  A slave (D:6)
  A sky beast (D:5)
  A giant frog (D:6)
  Dowan (D:4)
  A crimson imp (D:5)
  3 orc priests
  3 orc wizards
  Ijyb (D:2)
  Jessica (D:3)
  2 centaur skeletons (D:4)
  An iguana (D:4)
  A worker ant (D:4)
  A howler monkey skeleton (D:4)
  4 gnolls
  7 adders
  2 worms
  3 giant geckos
  9 orcs
  4 bats (D:1)
  5 giant cockroaches
  6 goblins
  4 hobgoblins
  11 jackals
  2 quokkas (D:2)
  A ball python (D:1)
  7 giant newts
  4 kobolds
  11 rats
101 creatures vanquished.

Vanquished Creatures (others)
  A human (D:2)
1 creature vanquished.

Grand Total: 122 creatures vanquished

Notes
Turn   | Place    | Note
--------------------------------------------------------------
     0 | D:1      | Joat the Mummy Summoner began the quest for the Orb.
     0 | D:1      | Reached XP level 1. HP: 13/13 MP: 3/3
   557 | D:1      | Reached XP level 2. HP: 12/19 MP: 0/5
   561 | D:1      | Learned a level 2 spell: Call Imp
  2554 | D:2      | Reached XP level 3. HP: 24/24 MP: 0/6
  2559 | D:2      | Learned a level 3 spell: Call Canine Familiar
  3346 | D:2      | Reached skill level 4 in Summonings
  3417 | D:2      | Found an ancient bone altar of Kikubaaqudgha.
  3422 | D:2      | Noticed a human
  3423 | D:2      | Killed a human
  4061 | D:3      | Found an oddly glowing altar of Pakellas.
  4142 | D:3      | Found a faded altar to an unknown god.
  4202 | D:3      | Found a shadowy altar of Dithmenos.
  4206 | D:3      | You fall through a shaft!
  4222 | D:4      | Reached XP level 4. HP: 30/30 MP: 5/8
  4575 | D:3      | Noticed Jessica
  4615 | D:3      | Killed Jessica
  5088 | D:3      | Noticed Ijyb
  5440 | D:2      | Reached XP level 5. HP: 14/35 MP: 0/10
  5447 | D:2      | Killed Ijyb
  6004 | D:4      | Noticed Duvessa
  6008 | D:4      | Noticed Dowan
  6376 | D:4      | Killed Dowan
  6512 | D:4      | Reached skill level 5 in Summonings
  6696 | D:4      | Found a sparkling altar of Nemelex Xobeh.
  6807 | D:4      | Found a shattered altar of Ashenzari.
  6819 | D:4      | Became a worshipper of Ashenzari the Shackled
  6837 | D:4      | Reached XP level 6. HP: 14/41 MP: 8/11
  6935 | D:4      | Killed Duvessa
  7129 | D:4      | Found Witsy's Book Shoppe.
  7151 | D:4      | Learned a level 3 spell: Summon Guardian Golem
  7156 | D:4      | Learned a level 4 spell: Summon Ice Beast
  7215 | D:4      | Got the short sword of Giegyusch {pierce, +Inv Int-5 Stlth+}
  7449 | D:4      | Found a bloodstained altar of Trog.
  7574 | D:5      | Entered Level 5 of the Dungeon
  7580 | D:5      | Found a deep blue altar of Sif Muna.
  7626 | D:5      | Noticed a sky beast
  7642 | D:5      | Killed a sky beast
  7747 | D:5      | Noticed Heedrag's ghost (amateur DECj)
  7750 | D:5      | Reached skill level 1 in Ice Magic
  8483 | D:5      | Killed Heedrag's ghost
  8483 | D:5      | Reached XP level 7. HP: 13/46 MP: 1/13
  8946 | D:5      | Noticed Eustachio
  9006 | D:5      | Killed Eustachio
  9355 | D:6      | Found a staircase to the Ecumenical Temple.
  9356 | D:6      | Noticed Pikel
  9393 | D:6      | Quit the game

Skill      XL: |  1  2  3  4  5  6  7 |
---------------+----------------------+-----
Summonings     | 4 5 |  5.9
Spellcasting   | 3 4 |  4.8
Ice Magic      | 1 2 |  2.0
Dodging        | |  1.5
Stealth        | |  1.5

Action                   |  1- 3 |  4- 6 |  7- 9 || total
-------------------------+-------+-------+-------++-------
Melee: Dagger            |    27 |       |       ||    27
       Whip              |     5 |       |       ||     5
       Spear             |    35 |    53 |    30 ||   118
 Cast: Summon Small Mamm |    29 |     1 |       ||    30
       Call Imp          |    21 |    34 |    10 ||    65
       Call Canine Famil |    17 |    39 |     4 ||    60
       Summon Guardian G |       |     6 |     3 ||     9
  Use: Scroll            |       |     1 |       ||     1
 Stab: Distracted        |     2 |     1 |       ||     3
Armor: Robe              |    22 |     7 |     2 ||    31
Dodge: Dodged            |    69 |    52 |    18 ||   139
